 Dungeon Crawl Stone Soup version 0.30-a0-42-g806c11bf1d (webtiles) character file.

Game seed: 9359790174313841175

44 ytrimaz the Insei (level 3, 0/23 HPs)
             Began as an Octopode Transmuter on Aug 30, 2022.
             Slain by an adder (3 damage)
             ... on level 1 of the Dungeon.
             The game lasted 00:02:25 (1904 turns).

ytrimaz the Insei (Octopode Transmuter)             Turns: 1904, Time: 00:02:26

Health: 0/23       AC:  1    Str:  9    XL:     3   Next: 60%
Magic:  4/6        EV: 13    Int: 17    God:
Gold:   47         SH:  0    Dex: 12    Spells: 0/6 levels left

rFire   . . .      SeeInvis .      - Unarmed
rCold   . . .      Faith    .    (no shield)
rNeg    . . .      Spirit   .    (helmet restricted)
rPois   .          Reflect  .    (no amulet)
rElec   .          Harm     .    (no ring)
rCorr   .          Rampage  .    (no ring)
Will    .....                    (no ring)
Stlth   ++........               (no ring)
HPRegen 0.07/turn                (no ring)
MPRegen 0.10/turn                (no ring)
                                 (no ring)
                                 (no ring)

@: no status effects
A: almost no armour, amphibious, 8 rings, camouflage 1, gelatinous body 1,
(nimble swimmer 1), tentacles
a: no special abilities


You were on level 1 of the Dungeon.
You visited 1 branch of the dungeon, and saw 2 of its levels.

You collected 47 gold pieces.


Innate Abilities, Weirdness & Mutations

You cannot wear most types of armour.
You are amphibious.
You can wear up to eight rings at the same time.
Your skin changes colour to match your surroundings (Stealth+).
Your rubbery body absorbs attacks. (AC +1, EV +1)
((You are camouflaged when in or above water. (Stealth+)))
You have tentacles for arms and can constrict up to eight enemies at once.


   Skills:
 - Level 1.0 Fighting
 - Level 2.0 Dodging
 - Level 4.3 Unarmed Combat
 + Level 2.0 Spellcasting
 + Level 2.0 Transmutations
 * Level 0.6 Poison Magic


You couldn't memorise any spells.
You knew the following spells:

 Your Spells              Type           Power      Damage    Failure   Level
a - Beastly Appendage     Tmut           16%        N/A       9%          1
b - Wereblood             Tmut           8%         N/A       12%         2
c - Spider Form           Tmut/Pois      6%         N/A       32%         3

Your spell library contained the following spells:

 Spells                   Type           Power      Damage    Failure   Level
 Ice Form                 Ice/Tmut       5%         N/A       77%         4

Inventory:

Missiles
 c - 15 stones {throwing}
Scrolls
 a - a scroll of torment {unknown}

Dungeon Overview and Level Annotations

Branches:
Dungeon (2/15) Zot: 10097

Altars:

Annotations:
D:2 Robin

.####.##.#
.......#)#
.#.....#.#
.+.....#.#
.#.....#.#
.......#.#
####...#.#
...#...#.#########
..............gg@#
#.##...#.###.###S#
#.##...#.# #.# #.#
#.##...#.# #.# #.#
#.##...#.# #.# #.#
#.##...#.# #.# #.#
#.##...#.# #.# #.#
.......#.# #.# #.#
.....#.#.# #.# #.#


You could see an adder and 2 goblins.


Message History

The adder bites you. The giant cockroach bites you.
The goblin hits you with a +0 dagger.
You climb upwards.
There is a stone staircase leading down here. 😮 HP[-6]
You take 6 damage, and now have 17/23 hp.
MASSIVE DAMAGE!! (PAUSE)
You tentacle-slap the goblin. Your grab misses the goblin.
The giant cockroach barely misses you. The goblin barely misses you.
You tentacle-slap the goblin.
You kill the goblin!
The giant cockroach bites you. 😮 HP[-2]
You take 2 damage, and now have 15/23 hp.
The giant cockroach barely misses you.
Things that are here:
a +0 dagger {short}; a goblin corpse You tentacle-slap the giant cockroach.
You grab the giant cockroach.
You constrict the giant cockroach, but do no damage.
The giant cockroach bites you but does no damage.
You tentacle-slap the giant cockroach.
You kill the giant cockroach! 😮 HP[+1]
There is a stone staircase leading down here.
You start resting. 😎 HP[+7]
Your hp is fully restored (23).
You start waiting.
Done waiting.
Casting: Beastly Appendage (safe; 9% risk of failure)
Confirm with . or Enter, or press ? or * to list all spells.
The spell is extremely dangerous to miscast (36% risk of failure)!
Continue anyway?
You turn into a venomous arachnid creature. 😎 MP[-3]
You lost 3 mp, and now have 3/6 mp.
Unknown command.
You climb downwards.
Level annotation: Robin Your transformation is almost over.
The adder closely misses you. x2; The adder completely misses you.
The goblin hits you with a +0 club. The adder closely misses you.
There is a stone staircase leading up here. 😕 HP[-2]
You take 2 damage, and now have 21/23 hp.
Unknown command.
Unknown command.
Unknown command.
The adder bites you but does no damage. The adder bites you.
You are poisoned.
The adder poisons you! The goblin hits you with a +0 club.
Robin roars a battlecry!
The goblins go into a battle-frenzy!
The goblin misses you. The adder barely misses you.
You hear an angry hiss.
You climb upwards.
You feel very sick.
There is a stone staircase leading down here. 😮 HP[-7]
You take 7 damage, and now have 14/23 hp.
MASSIVE DAMAGE!! (PAUSE) Unknown command.
Unknown command.
You bite the adder!
The adder is poisoned.
You feel sick. The adder closely misses you. The goblin barely misses you.
The adder completely misses you. 😮 HP[-2]
You take 2 damage, and now have 12/23 hp.
You hit the adder.
The adder looks as sick as possible!
You feel sick.
You kill the adder!
The goblin barely misses you. The adder misses you. 😨 HP[-1]
You take 1 damage, and now have 11/23 hp.
Unknown command.
You hit the adder.
You feel sick. The goblin misses you. The adder closely misses you. 😨 HP[-1]
You take 1 damage, and now have 10/23 hp.
You closely miss the adder.
You feel sick. The goblin misses you. The adder bites you.
* * * LOW HITPOINT WARNING * * *
😨 HP[-4]
You take 4 damage, and now have 6/23 hp.
You closely miss the adder.
You feel sick. The adder barely misses you.
The goblin misses you. 😱 HP[-1] MP[+1]
You take 1 damage, and now have 5/23 hp.
You closely miss the adder.
You feel sick. The adder completely misses you.
The goblin barely misses you. 😱 HP[-1]
You take 1 damage, and now have 4/23 hp.
You bite the adder!
Your transformation has ended.
You feel sick.
You are no longer poisoned.
The adder misses you. The goblin closely misses you. 😱 HP[-1]
You take 1 damage, and now have 3/23 hp.
Unknown command.
You barely miss the adder. Your grab misses the adder. The adder bites you.
You die...

Skill      XL: |  1  2 |
---------------+-------+-----
Unarmed Combat | 4 |  4.3
Fighting       | |  1.0
Dodging        | |  2.0
Spellcasting   | |  2.0
Transmutations | |  2.0
Poison Magic   | |  0.6

Action                   || total
-------------------------++-------
Melee: Unarmed           ||    71
       Kick              ||    12
       Constrict         ||    22
       Tentacles         ||     9
       Punch             ||     3
 Cast: Beastly Appendage ||    11
       Spider Form       ||     1
  Use: Scroll            ||     1
       Potion            ||     1
 Stab: Sleeping          ||     3
Armor: Skin              ||    10
Dodge: Dodged            ||    54

Levels and vault maps discovered:
D:1:      dpeg_arrival_three_smaller_balls, layout_basic,
          shapermc_ecumenical_altar_acropolis
D:2:      layout_rooms, kennysheep_generic_room_2, uniq_robin

Notes
Turn   | Place    | Note
-------+----------+-------------------------------------------
     0 | D:1      | ytrimaz the Octopode Transmuter began the quest for the
                  | Orb.
     0 | D:1      | Reached XP level 1. HP: 13/13 MP: 3/3
     0 | D:1      | magus.rc [v1.9.6]
   245 | D:1      | Reached XP level 2. HP: 16/18 MP: 3/5
   725 | D:1      | Reached skill level 4 in Unarmed Combat
   734 | D:1      | HP: 1/18 [frozen (5)]
  1037 | D:1      | Reached XP level 3. HP: 21/23 MP: 6/6
  1041 | D:1      | Learned a level 2 spell: Wereblood
  1045 | D:1      | Learned a level 3 spell: Spider Form
  1279 | D:1      | Found a faded altar of an unknown god.
  1598 | D:2      | Noticed Robin
  1901 | D:1      | HP: 5/23 [poisoned by an adder]
  1904 | D:1      | Slain by an adder

Vanquished Creatures
  An adder (D:1)
  2 dart slugs (D:1)
  2 endoplasms (D:1)
  3 giant cockroaches (D:1)
  3 goblins (D:1)
  4 hobgoblins (D:1)
  2 quokkas (D:1)
  4 bats (D:1)
  2 frilled lizards (D:1)
  4 kobolds (D:1)
  2 rats (D:1)
29 creatures vanquished.

Table legend:
 A = Non-vault XP
 B = Vault XP
 C = Vault XP percentage of total XP
 D = Non-vault monster count
 E = Vault monster count
 F = Vault count percentage of total count
                 A         B        C        D         E       F
            +---------+---------+-------+---------+---------+-------
      Total |      61 |       2 |   3.2 |      28 |       1 |   3.4
            +---------+---------+-------+---------+---------+-------
        D:1 |      61 |       2 |   3.2 |      28 |       1 |   3.4
            +---------+---------+-------+---------+---------+-------

Illustrated notes

Table legend:
 A = Kills in this place as a percentage of kills in entire the game.
 B = Kills by you in this place as a percentage of kills by you in the entire game.
 C = Kills by friends in this place as a percentage of kills by friends in the entire game.
 D = Other kills in this place as a percentage of other kills in the entire game.
 E = Experience gained in this place as a percentage of experience gained in the entire game.
 F = Experience gained in this place divided by the number of levels of this place that you have seen.
                   A       B       C       D       E      F
               +-------+-------+-------+-------+-------+----------------------
         Total | 100.0 | 100.0 |   N/A |   N/A | 100.0 |  31.5
       Dungeon | 100.0 | 100.0 |   N/A |   N/A | 100.0 |  31.5
               +-------+-------+-------+-------+-------+----------------------

Table legend: (Time is in decaauts)
 A = Elapsed time spent in this place.
 B = Non-inter-level travel time spent in this place.
 C = Inter-level travel time spent in this place.
 D = Time resting spent in this place.
 E = Time spent auto-exploring this place.
 F = Levels seen in this place.
 G = Mean time per level.
                   A        B        C        D        E       F      G
               +--------+--------+--------+--------+--------+-----+--------+
         Total |   1901 |   1803 |     98 |    471 |   1081 |   2 |  950.5 |
       Dungeon |   1901 |   1803 |     98 |    471 |   1081 |   2 |  950.5 |
               +--------+--------+--------+--------+--------+-----+--------+

Top non-repeatable levels by time:
     D:1: 1892 daAuts
     D:2: 8 daAuts
